 Dungeon Crawl Stone Soup version 0.32-a0-702-gc29ba85809 (webtiles) character file.

Game seed: 11473555099432492092

1757070 Nattfarinn the Slayer (level 27, 263/263 HPs)
             Began as an Octopode Shapeshifter on Mar 14, 2024.
             Was a High Priest of Ashenzari.
             Escaped with the Orb
             ... and 3 runes!
             The game lasted 02:43:54 (63469 turns).

Nattfarinn the Slayer (Octopode Shapeshifter)      Turns: 63469, Time: 02:43:55

Health: 263/263    AC: 47    Str: 35    XL:     27
Magic:  80/80      EV: 28    Int: 19    God:    Ashenzari [*****.]
Gold:   6002       SH: 22    Dex: 17    Spells: 76/76 levels left

rFire   + +          +
                       - Unarmed
rCold   + + +        e - +2 shield of Resistance {rF++ rC++ Will++, Fort, Self} (curse)
rNeg    + + +        R - +3 hat of Pondering {ponderous, Will+ MP+10 Int+5, Fort, Self} (curse)
rPois   ∞            J - amulet "Restrained Together" {Spirit, Melee, Sorc} (curse)
rElec   +            c - ring "Thunder Perfect Mind" {rN++ rCorr Str+2 Stlth-, Elem, Dev} (curse)
rCorr   +            T - ring of the Profound Morality {EV+5 Str+3, Self, Fort} (curse)
SInv    +            N - ring of the Oracular Sky {AC+4, Elem, Melee} (curse)
Will    +++++        G - ring of the Cosmic Seer {AC+4, Fort, Melee} (curse)
Stlth   +            y - ring "Shackled Anxiety" {rC+ Will+ MP+9 Dex+2, Self, Cun} (curse)
HPRegen 0.63/turn    d - ring "Tethered With Me" {rPois MP+9 Str+6 Dex+2, Cun, Fort} (curse)
MPRegen 0.47/turn    K - ring of the Octopus King {rF+ HP+2 AC+2 EV+2 SH+2, Melee, Cun} (curse)
                     P - ring of the Distant God {Fly, Self, Comp} (curse)

%: clarity, guardian spirit
@: statue-form, flying, studying Ice Magic, very slow
A: slow and powerful, torment resistance 1, boosted hp, almost no armour,
amphibious, 8 rings, camouflage 1, (gelatinous body 1), (nimble swimmer 1),
tentacles, tentacle spike 1, frail 1, poison resistance, wild magic 1,
MP-powered wands
0: Orb of Zot
}: 3/15 runes: decaying, serpentine, slimy
a: Begin Untransformation, Renounce Religion, Curse Item, Shatter the Chains


You escaped.
You worshipped Ashenzari.
Ashenzari was extremely pleased with you.
You were a living statue of rough stone.
You visited 12 branches of the dungeon, and saw 54 of its levels.
You visited the Abyss 1 time.
You also visited: Ossuary, Ice Cave, Volcano and Desolation.

You collected 8708 gold pieces.
You spent 2706 gold pieces at shops.

Inventory:

Missiles
 I - 2 throwing nets (quivered)
Armour
 e - the cursed +2 shield of Resistance (worn) {rF++ rC++ Will++, Fort, Self}
   (You acquired it on level 12 of the Dungeon)

   rF++:      It greatly protects you from fire.
   rC++:      It greatly protects you from cold.
   Will++:    It greatly increases your willpower.
   It has a curse which improves the following skills: Fortitude: Shields.
   Introspection: Fighting and Spellcasting.
 R - the cursed +3 hat of Pondering (worn) {ponderous, Will+ MP+10 Int+5, Fort, Self}
   (You bought it in a shop on level 10 of the Dungeon)

   Int+5:     It affects your intelligence (+5).
   Will+:     It increases your willpower.
   MP+10:     It affects your magic capacity (+10).
   It has a curse which improves the following skills: Fortitude: Shields.
   Introspection: Fighting and Spellcasting.
Jewellery
 b - a +4 ring of protection
 c - the cursed ring "Thunder Perfect Mind" (left tentacle) {rN++ rCorr Str+2 Stlth-, Elem, Dev}
   (You found it in an ice cave)

   [ring of resist corrosion]

   Str+2:     It affects your strength (+2).
   rN++:      It greatly protects you from negative energy.
   rCorr:     It protects you from acid and corrosion.
   Stlth-:    It makes you less stealthy.
   It has a curse which improves the following skills: Elements: Fire Magic, Ice
   Magic, Air Magic and Earth Magic.
   Devices:   Evocations and Shapeshifting.
 d - the cursed ring "Tethered With Me" (on tentacle) {rPois MP+9 Str+6 Dex+2, Cun, Fort}
   (You acquired it on level 12 of the Dungeon)

   [ring of strength]

   Str+6:     It affects your strength (+6).
   Dex+2:     It affects your dexterity (+2).
   rPois:     It protects you from poison.
   MP+9:      It affects your magic capacity (+9).
   It has a curse which improves the following skills: Cunning: Dodging and
   Stealth.
   Fortitude: Shields.
 k - the amulet "Lacejo" {Acrobat ^Contam rElec rPois rN+++}
   (You found it in the Desolation of Salt)

   [amulet of the acrobat]

   Acrobat:   It increases your evasion while moving and waiting.
   rElec:     It insulates you from electricity.
   rPois:     It protects you from poison.
   rN+++:     It renders you almost immune to negative energy.
   ^Contam:   It causes magical contamination when unequipped.
 y - the cursed ring "Shackled Anxiety" (on tentacle) {rC+ Will+ MP+9 Dex+2, Self, Cun}
   (You bought it in a shop on level 1 of the Elven Halls)

   [ring of willpower]

   Dex+2:     It affects your dexterity (+2).
   rC+:       It protects you from cold.
   Will+:     It increases your willpower.
   MP+9:      It affects your magic capacity (+9).
   It has a curse which improves the following skills: Introspection: Fighting
   and Spellcasting.
   Cunning:   Dodging and Stealth.
 B - the ring of Cuykhlups {rF+ rC+ rN++ Will+ Str-2 Slay-2}
   (You found it on level 5 of the Pits of Slime)

   [ring of protection from cold]

   Str-2:     It affects your strength (-2).
   Slay-2:    It affects your accuracy & damage with ranged weapons and melee
   (-2).
   rF+:       It protects you from fire.
   rC+:       It protects you from cold.
   rN++:      It greatly protects you from negative energy.
   Will+:     It increases your willpower.
 G - the cursed ring of the Cosmic Seer (on tentacle) {AC+4, Fort, Melee}
   (You found it on level 8 of the Dungeon)

   [ring of protection]

   AC+4:      It affects your AC (+4).
   It has a curse which improves the following skills: Fortitude: Shields.
   Melee Combat: Short Blades, Long Blades, Axes, Maces & Flails, Polearms,
   Staves and Unarmed Combat.
 J - the cursed amulet "Restrained Together" (around mantle) {Spirit, Melee, Sorc}
   (You found it on level 6 of the Dungeon)

   [amulet of guardian spirit]

   Spirit:    It causes incoming damage to be divided between your reserves of
   health and magic.
   It has a curse which improves the following skills: Melee Combat: Short
   Blades, Long Blades, Axes, Maces & Flails, Polearms, Staves and Unarmed
   Combat.
   Sorcery:   Conjurations and Alchemy.
 K - a cursed ring of the Octopus King (on tentacle) {rF+ HP+2 AC+2 EV+2 SH+2, Melee, Cun}
   (You bought it in a shop on level 1 of the Elven Halls)

   [ring of protection from fire]

   AC+2:      It affects your AC (+2).
   EV+2:      It affects your evasion (+2).
   rF+:       It protects you from fire.
   HP+2:      It affects your health (+2).
   SH+2:      It affects your SH (+2).
   It has a curse which improves the following skills: Melee Combat: Short
   Blades, Long Blades, Axes, Maces & Flails, Polearms, Staves and Unarmed
   Combat.
   Cunning:   Dodging and Stealth.
 N - the cursed ring of the Oracular Sky (on tentacle) {AC+4, Elem, Melee}
   (You found it on level 6 of the Dungeon)

   [ring of protection]

   AC+4:      It affects your AC (+4).
   It has a curse which improves the following skills: Elements: Fire Magic, Ice
   Magic, Air Magic and Earth Magic.
   Melee Combat: Short Blades, Long Blades, Axes, Maces & Flails, Polearms,
   Staves and Unarmed Combat.
 P - the cursed ring of the Distant God (on tentacle) {Fly, Self, Comp}
   (You found it on level 1 of the Vaults)

   [ring of flight]

   Fly:       It grants you flight.
   It has a curse which improves the following skills: Introspection: Fighting
   and Spellcasting.
   Companions: Summonings and Necromancy.
 T - the cursed ring of the Profound Morality (right tentacle) {EV+5 Str+3, Self, Fort}
   (You found it in the Desolation of Salt)

   [ring of evasion]

   EV+5:      It affects your evasion (+5).
   Str+3:     It affects your strength (+3).
   It has a curse which improves the following skills: Introspection: Fighting
   and Spellcasting.
   Fortitude: Shields.
Talismans
 m - a granite talisman (active)
 Q - a talisman of death
Wands
 a - a wand of warping (87)
 q - a wand of paralysis (34)
 F - a wand of digging (42)
 O - a wand of mindburst (60)
 W - a wand of polymorph (14)
 Z - a wand of light (21)
Scrolls
 h - 9 scrolls of revelation
 n - 4 scrolls of silence
 r - 5 scrolls of poison
 s - 2 scrolls of immolation
 u - a scroll of fog
 v - 2 scrolls of summoning
 w - 3 scrolls of torment
 H - 6 scrolls of fear
 L - 7 scrolls of vulnerability
 U - 13 scrolls of amnesia
 X - 6 scrolls of blinking
 Y - 4 scrolls of teleportation
Potions
 f - 11 potions of might
 g - 9 potions of ambrosia
 i - 3 potions of invisibility
 j - 18 potions of curing
 o - 7 potions of magic
 p - 3 potions of heal wounds
 t - 15 potions of haste
 x - 6 potions of enlightenment
 z - 8 potions of lignification
 C - a potion of mutation
 D - 5 potions of resistance
 E - 12 potions of attraction
 M - a potion of cancellation
 S - 11 potions of brilliance
 V - a potion of berserk rage
Miscellaneous
 l - a lightning rod (4/4)
 A - a phantom mirror


   Skills:
 - Level 23.3(27) Fighting
 - Level 12.3(16.5) Dodging
 - Level 22.0(27) Shields
 - Level 22.4(27) Unarmed Combat
 + Level 19.4(25.0) Spellcasting
 - Level 20.1(22.0) Shapeshifting


You had 76 spell levels left.
You didn't know any spells.
Your spell library contained the following spells:

 Spells                   Type           Power      Damage    Failure   Level
 Freeze                   Ice            100%       1d10      2%          1
 Magic Dart               Conj           100%       1d8       2%          1
 Sandblast                Erth           64%        2d14      2%          1
 Shock                    Conj/Air       100%       1d9       2%          1
 Sting                    Conj/Alch      100%       1d9       2%          1
 Summon Small Mammal      Summ           100%       N/A       2%          1
 Mercury Vapours          Alch/Air       64%        N/A       3%          2
 Scorch                   Fire           64%        2d7       3%          2
 Static Discharge         Conj/Air       64%        3-6/arc   3%          2
 Blink                    Tloc           60%        N/A       4%          2
 Call Imp                 Summ           64%        N/A       4%          2
 Cigotuvi's Dreadful Rot  Necr/Alch/Air  64%        N/A       4%          2
 Lesser Beckoning         Tloc           60%        N/A       4%          2
 Momentum Strike          Conj/Tloc      62%        3d9       4%          2
 Searing Ray              Conj           64%        2d6       4%          2
 Call Canine Familiar     Summ           32%        N/A       7%          3
 Frozen Ramparts          Ice            64%        1d10      7%          3
 Fugue of the Fallen      Necr           32%        N/A       7%          3
 Hailstorm                Conj/Ice       32%        3d8       7%          3
 Inner Flame              Hex/Fire       31%        N/A       7%          3
 Ozocubu's Armour         Ice            32%        N/A       7%          3
 Passwall                 Erth           32%        N/A       7%          3
 Stone Arrow              Conj/Erth      64%        3d11      7%          3
 Summon Ice Beast         Ice/Summ       32%        N/A       7%          3
 Swiftness                Air            32%        N/A       7%          3
 Vampiric Draining        Necr           32%        2d8       7%          3
 Volatile Blastmotes      Fire/Tloc      62%        2d15      7%          3
 Gell's Gravitas          Tloc           30%        N/A       8%          3
 Sigil of Binding         Hex            30%        N/A       8%          3
 Teleport Other           Tloc           30%        N/A       8%          3
 Tukima's Dance           Hex            30%        N/A       8%          3
 Animate Dead             Necr           32%        N/A       21%         4
 Brom's Barrelling Bould  Conj/Erth      32%        2d5       21%         4
 Dispel Undead            Necr           32%        3d14      21%         4
 Flame Wave               Conj/Fire      32%        2d9       21%         4
 Fulminant Prism          Conj/Alch      16%        3d11      21%         4
 Leda's Liquefaction      Alch/Erth      16%        N/A       21%         4
 Martyr's Knell           Necr/Summ      32%        N/A       21%         4
 Olgreb's Toxic Radiance  Alch           32%        N/A       21%         4
 Petrify                  Alch/Erth      32%        N/A       21%         4
 Summon Blazeheart Golem  Fire/Summ      32%        N/A       21%         4
 Summon Lightning Spire   Summ/Air       32%        N/A       21%         4
 Vhi's Electric Charge    Tloc/Air       62%        N/A       21%         4
 Dimensional Bullseye     Hex/Tloc       15%        N/A       22%         4
 Iskenderun's Mystic Bla  Conj/Tloc      31%        2d8       22%         4
 Manifold Assault         Tloc           30%        N/A       22%         4
 Passage of Golubria      Tloc           30%        N/A       22%         4
 Alistair's Intoxication  Alch           21%        N/A       45%         5
 Arcjolt                  Conj/Air       16%        1d26      45%         5
 Borgnjor's Vile Clutch   Necr/Erth      16%        N/A       45%         5
 Fireball                 Conj/Fire      16%        3d8       45%         5
 Irradiate                Conj/Alch      16%        3d17      45%         5
 Lee's Rapid Deconstruct  Erth           16%        3d10*     45%         5
 Metabolic Englaciation   Hex/Ice        15%        N/A       47%         5
 Yara's Violent Unravell  Hex/Alch       15%        3d8       47%         5
 Permafrost Eruption      Ice/Erth       16%        2x4d6     94%         6
 Plasma Beam              Fire/Air       16%        2x1d27    94%         6
 Bombard                  Conj/Erth      16%        9d3       95%         6
 Conjure Ball Lightning   Conj/Air       16%        3x3d6     95%         6
 Death Channel            Necr           16%        N/A       95%         6
 Sculpt Simulacrum        Ice/Alch       16%        N/A       95%         6
 Summon Cactus Giant      Summ           16%        N/A       95%         6
 Enfeeble                 Hex            15%        N/A       100%        7
 Haunt                    Necr/Summ      16%        N/A       100%        7
 Monstrous Menagerie      Summ           16%        N/A       100%        7
 Summon Hydra             Summ           16%        N/A       100%        7
 Borgnjor's Revivificati  Necr           16%        N/A       100%        8
 Discord                  Hex            15%        N/A       100%        8
 Disjunction              Tloc           15%        N/A       100%        8
 Ignition                 Fire           16%        3d6       100%        8
 Infestation              Necr           16%        N/A       100%        8
 Lehudib's Crystal Spear  Conj/Erth      16%        10d5      100%        8
 Death's Door             Necr           16%        N/A       100%        9
 Fire Storm               Conj/Fire      16%        8d4       100%        9
 Sublimation of Blood     Necr           Unusable   N/A       N/A         2
 Animate Armour           Summ/Erth      Unusable   N/A       N/A         4

Dungeon Overview and Level Annotations

Branches:
Dungeon (15/15)            Temple (1/1) D:5            Lair (5/5) D:10
  Swamp (4/4) Lair:3        Snake (4/4) Lair:3        Slime (5/5) Lair:5
    Orc (2/2) D:9             Elf (2/3) Orc:2        Vaults (4/5) D:14
  Crypt (3/3) Vaults:2       Tomb (0/3) Crypt:3      Depths (4/4) D:15
    Zot (5/5) Depths:4    Ossuary (visited)           IceCv (visited)
Volcano (visited)         Desolation (visited)

Altars:
Ashenzari
Cheibriados
Dithmenos
Elyvilon
Fedhas
Gozag
Hepliaklqana
Kikubaaqudgha
Makhleb
Nemelex Xobeh
Okawaru
Qazlal
Ru
Sif Muna
Trog
Uskayaw
Vehumet
Wu Jian
Xom
Yredelemnul
Zin
The Shining One
Beogh
Jiyva

Shops:
D:6 :   D:10 [   Orc:2 :*[(   Elf:1 *=:=   Elf:2 (   Snake:3 (:   Vaults:1 [
Vaults:2 !   Depths:1 !   Depths:2 *   Depths:3 ??

Portals:
Hell: Depths:1 Depths:2 Depths:3 Depths:4
Abyss: Depths:2 Depths:3
Pandemonium: Depths:2
Ziggurat: Depths:2

Annotations:
D:9 1 transporter, GeoRichter's ghost, novice MDRe
D:13 3 runed translucent doors, Hashres's ghost, journeyman TrBe
Swamp:3 2 transporters, flinch's ghost, adept CoFE
Zot:5 1 transporter


Innate Abilities, Weirdness & Mutations

You are a living statue of rough stone.
Your actions are slow, but your melee attacks are powerful.
You are resistant to unholy torment.
Your maximum health is greatly increased.
You cannot wear most types of armour.
You are amphibious.
You can wear up to eight rings at the same time.
You are immune to poison.
Your skin changes colour to match your surroundings (Stealth+).
((Your rubbery body absorbs attacks. (AC +1, EV +1)))
((You are camouflaged when in or above water. (Stealth+)))
You have tentacles for arms and can constrict up to eight enemies at once.
One of your tentacles bears a spike.
You are frail. (-10% HP)
Your system is resistant to poisons. (rPois)
Your spells are a little harder to cast, but a little more powerful.
You expend magic power (3 MP) to strengthen your wands.


Message History

The sun demon completely misses you. You block the sun demon's attack. x2
You batter the sun demon!! Your grab misses the sun demon.
Your tentacle spike misses the sun demon.
Your tentacle-slap misses the sun demon.
Your squeeze misses the sun demon.
The sun demon is heavily wounded.
You block the sun demon's attack.
You tentacle-slap the sun demon. You grab the sun demon.
You pierce the sun demon.
You tentacle-slap the sun demon! You squeeze the sun demon.
The sun demon is almost dead.
You constrict the sun demon. You block the sun demon's attack.
You thrash the sun demon!!!
You kill the sun demon!
An ice devil comes into view.
A hell beast comes into view.
There is a staircase leading out of the dungeon here.
You barely miss the ice devil. Your grab misses the ice devil.
You pierce the ice devil, but do no damage.
You squeeze the ice devil, but do no damage.
You block the ice devil's attack.
You bludgeon the ice devil! Your grab misses the ice devil.
You pierce the ice devil, but do no damage.
You squeeze the ice devil.
The ice devil is moderately wounded.
You barely miss the ice devil. You grab the ice devil.
You pierce the ice devil, but do no damage.
You tentacle-slap the ice devil!!
You kill the ice devil!
You thrash the hell beast!!!
You pierce the hell beast, but do no damage.
Your tentacle-slap misses the hell beast.
Your squeeze misses the hell beast.
The hell beast is severely wounded.
You block the hell beast's attack. x2
You thrash the hell beast!!!!
You kill the hell beast!
Char dumped successfully.
You have escaped!

#≈###'####..#................####
#####'####.#################.# #
#.....##.###.....## #.#
###.....#..##.......## #.#
.##.......##.........### #.#
.##......##...........'# #.#
÷##......'..)..........## #.#
#####+#.##.......[......####.# #
#...........I..........#.# ##
#÷.###..............##.#.###
.####..# #.............#+......#
.÷.##.#####...........##..##.#.#
##..#..##.##.........####.##.#.#
###.#..##.###.......#####.##.#.#
#....>......#+.....##........#.#
.~...###..#.#########.###.#..#.##
..~~.####.#.# #................


There were no monsters in sight!

Vanquished Creatures
  the Royal Jelly (Slime:5)
  Tiamat (Zot:3)
  Frederick (Crypt:1)
  3 ancient liches
  4 dread liches (Zot:5)
  3 orbs of fire (Zot:5)
  A juggernaut (Depths:4)
  Xtahua (Depths:3)
  Vv (Crypt:2)
  3 Killer Klowns
  The ghost of GordonOverkill the Slayer, a veteran DsDe of Makhleb (Depths:2)
  3 curse toes
  Margery (Vaults:3)
  3 bone dragons
  5 golden dragons
  6 pandemonium lords
  A Tzitzimitl (Depths:1)
  2 hellephants
  A Brimstone Fiend (Zot:4)
  23 tentacled monstrosities
  Jorgrun (Swamp:2)
  4 electric golems
  Zenata (Crypt:1)
  Asterion (Depths:1)
  28 Orb Guardians
  5 liches
  11 death cobs
  Frances (D:13)
  13 acid blobs
  2 quicksilver dragons
  6 sphinxes
  2 ancient champions
  A thorn hunter (Swamp:4)
  Aizul (Snake:3)
  The ghost of Jelujoc the Severer, an adept MiBe of Trog (Snake:3)
  Roxanne (Swamp:1)
  6 protean progenitors
  3 nagarajas (Snake:4)
  A revenant (Crypt:1)
  5 shadow dragons
  21 rockslimes
  6 draconian monks
  4 fenstrider witches
  7 frost giants
  4 draconian shifters
  6 fire giants
  10 storm dragons
  10 vault wardens
  7 ghost moths
  7 azure jellies
  3 deep elf elementalists (Depths:2)
  3 imperial myrmidons (Desolation)
  4 draconian scorchers
  7 draconian knights
  5 balrugs
  A reaper (Crypt:2)
  A draconian stormcaller (Zot:5)
  2 curse skulls (Crypt:2)
  9 stone giants
  2 orc warlords
  19 very ugly things
  A demonspawn corrupter (D:15)
  11 formless jellyfish
  5 draconian annihilators
  3 spriggan defenders
  8 green draconians
  15 ironbound preservers
  A cacodemon (Depths:4)
  10 quicksilver oozes
  4 ghouls
  6 ironbound thunderhulks
  3 deep elf demonologists
  11 vampire knights
  An eleionoma (Depths:2)
  A lorocyproca (D:14)
  Azrael (Elf:2)
  3 bunyips
  7 yellow draconians
  10 black draconians
  A halazid warlock (Desolation)
  3 spark wasps (Depths:1)
  6 war gargoyles
  7 dire elephants
  2 deep elf death magi
  13 red draconians
  17 purple draconians
  20 white draconians
  13 ettins
  Josephine (Orc:2)
  A blizzard demon (D:9)
  4 jiangshi (Crypt:2)
  6 fire dragons
  8 crystal guardians
  2 eidola
  7 ragged hierophants
  5 entropy weavers
  Fannar (D:12)
  A deep elf high priest (Elf:1)
  13 yaktaur captains
  3 rakshasas
  A spriggan zombie (Crypt:3)
  Erolcha (Orc:2)
  A shambling mangrove (Swamp:4)
  9 servants of whispers (Desolation)
  2 hell beasts
  6 vault guards
  10 great orbs of eyes
  7 ice dragons
  2 salamander tyrants (Depths:2)
  4 anacondas
  A merfolk aquamancer (Depths:2)
  15 peacekeepers
  A merfolk avatar (Swamp:2)
  A quicksilver dragon skeleton (Crypt:3)
  2 ogre magi
  9 alligators
  Erica (Lair:2)
  7 centaur warriors
  4 spriggan air magi (Depths:3)
  5 ghost crabs
  10 two-headed ogres
  A fenstrider witch zombie (Crypt:2)
  20 hydras
  12 ironbound frosthearts
  26 dancing weapons
  4 death knights
  A two-headed ogre (shapeshifter) (Depths:4)
  7 deep troll shamans
  3 satyrs
  9 deep troll earth magi
  6 boulder beetles
  4 tengu warriors
  8 orc high priests
  An occultist (Depths:2)
  7 vampire magi
  16 naga warriors
  A thrashing horror (Abyss:2)
  12 hell knights
  18 naga sharpshooters
  17 deep elf knights
  16 spriggans
  5 shock serpents
  5 soul eaters
  8 spriggan berserkers
  11 sun demons
  5 salamander mystics
  6 iron trolls
  2 wretched stars (Abyss:2)
  30 skeletal warriors
  A shadow wraith (Crypt:2)
  A skyshark (shapeshifter) (Depths:3)
  6 goliath frogs
  3 shadow demons
  A cherub (D:1)
  8 mana vipers
  An iron giant zombie (Crypt:3)
  7 naga ritualists
  4 spriggan druids
  15 ironbound convokers
  A golden dragon zombie (Crypt:3)
  A sun moth (shapeshifter) (Depths:4)
  3 glowing orange brains
  12 lindwurms
  13 swamp dragons
  61 deep trolls
  A bunyip skeleton (Crypt:3)
  A shadow dragon zombie (Crypt:1)
  11 orc knights
  6 deep elf archers
  9 arcanists
  12 necromancers
  13 bog bodies
  12 phantasmal warriors
  6 flayed ghosts
  7 harpies
  14 deep elf pyromancers
  An iron dragon zombie (Crypt:3)
  2 wolf spiders (Lair:5)
  An orange crystal statue (IceCv)
  35 ugly things
  13 deep elf zephyrmancers
  6 orc sorcerers
  5 will-o-the-wisps
  A human zombie (Vaults:2)
  A steelbarb worm (shapeshifter) (Depths:4)
  6 shining eyes
  11 elephants
  15 salamanders
  A manticore (D:12)
  4 cyclopes
  A moth of wrath (shapeshifter) (D:15)
  7 large abominations
  A worldbinder (Abyss:2)
  3 meliai
  28 moths of wrath
  10 guardian serpents
  A kobold blastminer (Orc:2)
  A dire elephant zombie (Crypt:3)
  3 eyes of devastation
  3 molten gargoyles
  Joseph (D:8)
  A stone giant skeleton (Vaults:2)
  2 apocalypse crabs (Abyss:2)
  21 naga magi
  2 water nymphs (Depths:2)
  36 black mambas
  4 smoke demons
  2 gargoyles (D:13)
  15 vault sentinels
  3 torpor snails (Lair:1)
  2 unseen horrors
  A yaktaur zombie (Vaults:2)
  The ghost of Skimidon the Skirmisher, a novice DgHu (D:6)
  14 cane toads
  An orange demon (Abyss:2)
  3 centaur skeletons (D:14)
  7 kobold demonologists
  7 storm dragon simulacra (IceCv)
  5 rime drakes
  An alligator snapping turtle zombie (Crypt:1)
  3 dryads (Depths:2)
  An efreet (D:12)
  5 golden dragon simulacra (IceCv)
  10 komodo dragons
  9 freezing wraiths
  2 tormentors
  22 yaktaurs
  4 hydra zombies
  2 ancient zymes (Abyss:2)
  2 tengu conjurers
  2 polar bears
  2 ice devils (D:1)
  3 trolls
  2 harpy zombies (Crypt:3)
  A merfolk (Depths:2)
  3 red devils (Volcano)
  A bloated husk (Swamp:3)
  A merfolk (shapeshifter) (Vaults:4)
  A hellwing (Abyss:2)
  18 blink frogs
  Grinder (D:3)
  9 tyrant leeches
  20 hornets
  69 saltlings
  A fire dragon zombie (Crypt:3)
  A harpy skeleton (Crypt:3)
  A glass eye (Slime:5)
  A meliai zombie (Crypt:2)
  A spectral dream sheep (Lair:3)
  A spectral elephant (Lair:3)
  A raiju (Abyss:2)
  113 slime creatures
  A jumping spider (Vaults:1)
  An air elemental (Elf:1)
  2 shadows
  4 basilisks
  A fire elemental (Elf:2)
  3 water elementals
  10 wraiths
  11 wyverns
  2 fire bats (Volcano)
  40 yaks
  3 redbacks
  3 chaos spawn
  A steam dragon (Lair:1)
  A human simulacrum (Vaults:2)
  A spectral komodo dragon (Lair:3)
  8 wargs
  9 golden eyes (Slime:3)
  A neqoxec (Abyss:2)
  39 nagas
  3 vampire mosquitoes (Swamp:1)
  Menkaure (D:5)
  Edmund (D:5)
  8 small abominations
  A swamp worm (shapeshifter) (D:15)
  21 swamp worms
  23 water moccasins
  5 hell hounds
  An acid dragon (D:9)
  A fire bat skeleton (Crypt:2)
  3 swamp drakes (Swamp:4)
  30 orc warriors
  A sky beast (D:6)
  A black bear (Lair:1)
  6 ice beasts
  24 laughing skulls
  6 ice dragon simulacra (IceCv)
  6 boggarts
  6 ogres
  32 wolves
  A phantom (D:5)
  A blink frog skeleton (Crypt:1)
  12 centaurs
  16 kobold brigands
  A hog skeleton (Crypt:1)
  9 bullfrogs
  3 gnoll sergeants
  A wyvern zombie (Crypt:2)
  2 earth elementals
  4 scorpions
  9 wights
  3 lindwurm simulacra (IceCv)
  A raiju skeleton (Crypt:2)
  A troll skeleton (Crypt:2)
  2 howler monkeys
  A crimson imp (Abyss:2)
  7 lava snakes (Volcano)
  3 jellies
  7 hounds
  28 orc priests
  Ijyb (D:3)
  2 bombardier beetles
  3 gnoll boudas
  Jessica (D:3)
  6 iguanas
  Natasha (thrice) (D:3)
  35 orc wizards
  A boggart skeleton (D:14)
  8 mummies (Ossuary)
  Robin (D:2)
  7 adders
  20 gnolls
  A shadow imp (D:5)
  A white imp (D:6)
  4 ufetubi
  A lava snake zombie (Crypt:1)
  3 dart slugs
  A ribbon worm (D:3)
  88 orcs
  8 bats
  12 endoplasms
  6 giant cockroaches (D:1)
  12 goblins
  18 hobgoblins
  7 jackals
  7 quokkas
  11 ball pythons
  6 frilled lizards
  A goblin skeleton (Crypt:1)
  3 hobgoblin zombies (Ossuary)
  35 kobolds
  2 kobold zombies
  An orc skeleton (Crypt:2)
  4 orc zombies (Ossuary)
  5 rats
  6 aspiring fleshes
  3 snaplasher vines (Depths:2)
2491 creatures vanquished.

Vanquished Creatures (others)
  An ice dragon (Depths:4)
  A shock serpent (Snake:3)
  A deep elf knight (Elf:2)
  A deep elf pyromancer (Elf:2)
  A hornet (Swamp:4)
  A small abomination (Depths:2)
  An orc priest (Orc:1)
  An adder (D:3)
  A gnoll (D:5)
  6 foxfires
15 creatures vanquished.

Grand Total: 2506 creatures vanquished

Notes
Turn   | Place    | Note
-------+----------+-------------------------------------------
     0 | D:1      | Nattfarinn the Octopode Shapeshifter began the quest for
                  | the Orb.
     0 | D:1      | Reached XP level 1. HP: 13/13 MP: 1/1
   116 | D:1      | Reached XP level 2. HP: 18/18 MP: 2/2
   739 | D:1      | Reached XP level 3. HP: 23/23 MP: 3/3
  1377 | D:2      | Noticed Robin
  1813 | D:2      | Reached XP level 4. HP: 28/28 MP: 4/4
  1894 | D:2      | Killed Robin
  2179 | D:2      | Noticed a scorpion
  2189 | D:2      | Killed a scorpion
  2190 | D:2      | Reached skill level 5 in Shapeshifting
  2190 | D:2      | Reached XP level 5. HP: 7/33 MP: 5/5
  2555 | D:3      | Noticed Grinder
  2561 | D:3      | Reached XP level 6. HP: 29/38 MP: 6/6
  2939 | D:3      | Killed Grinder
  3042 | D:3      | Found an ornate altar of the Wu Jian Council.
  3051 | D:3      | Reached XP level 7. HP: 43/43 MP: 7/7
  3128 | D:3      | Noticed Ijyb
  3131 | D:3      | Paralysed by Ijyb for 2 turns
  3137 | D:3      | Killed Ijyb
  3232 | D:3      | Noticed Natasha
  3235 | D:3      | Killed Natasha
  3288 | D:3      | Noticed Natasha
  3296 | D:3      | Killed Natasha
  3395 | D:3      | Found a glowing golden altar of the Shining One.
  3518 | D:3      | Noticed Jessica
  3523 | D:3      | Killed Jessica
  3547 | D:3      | Identified the amulet "Teori" {+Blink rPois RegenMP+ MP+9
                  | Dex-5}
  3767 | D:3      | Noticed Natasha
  3772 | D:3      | Killed Natasha
  4096 | D:4      | Found a sand-covered staircase.
  4105 | Ossuary  | Entered an ossuary
  4132 | Ossuary  | Reached skill level 5 in Unarmed Combat
  4664 | D:4      | HP: 1/43 [centaur/arrow (2)]
  5087 | D:5      | Entered Level 5 of the Dungeon
  5093 | D:4      | Reached XP level 8. HP: 48/48 MP: 8/8
  5320 | D:5      | Noticed Menkaure
  5324 | D:5      | Found a staircase to the Ecumenical Temple.
  5330 | D:5      | Killed Menkaure
  5600 | Temple   | Entered the Ecumenical Temple
  5668 | Temple   | Became a worshipper of Ashenzari the Shackled
  5864 | D:5      | Identified the +1 leather armour of Beequhat {rF+ rN+}
  6109 | D:5      | Noticed Edmund
  6113 | D:5      | Killed Edmund
  6114 | D:5      | Reached XP level 9. HP: 27/53 MP: 9/9
  6782 | D:6      | Reached skill level 10 in Unarmed Combat
  7426 | D:6      | Reached skill level 2 in Fighting
  7519 | D:6      | Reached skill level 3 in Fighting
  7577 | D:6      | Found a burning altar of Makhleb.
  7596 | D:6      | Found a runed translucent gate.
  7596 | D:6      | Found a runed translucent gate.
  7596 | D:6      | Found a runed translucent gate.
  7597 | D:6      | Noticed Skimidon's ghost (novice DgHu)
  7598 | D:6      | Noticed a kobold demonologist
  7994 | D:6      | Found Gitsulu's Book Emporium.
  8176 | D:7      | Reached skill level 4 in Fighting
  8325 | D:7      | Found a hide-covered altar of Uskayaw.
  8400 | D:7      | Reached * piety under Ashenzari
  8400 | D:7      | Identified 2 scrolls of acquirement
  8504 | D:7      | Noticed a deep elf pyromancer
  8512 | D:7      | Killed a deep elf pyromancer
  8513 | D:7      | Reached skill level 6 in Fighting
  8513 | D:7      | Reached XP level 10. HP: 59/69 MP: 10/10
  8901 | D:7      | Reached skill level 7 in Fighting
  9244 | D:8      | Reached skill level 8 in Fighting
  9397 | D:8      | Identified the +2 hand axe of Kismet {flame, Dex+3}
  9529 | D:8      | Noticed a kobold demonologist
  9534 | D:8      | Noticed a kobold demonologist
  9535 | D:8      | Killed a kobold demonologist
  9536 | D:8      | Reached skill level 9 in Fighting
  9540 | D:8      | Killed a kobold demonologist
  9626 | D:8      | Noticed Joseph
  9635 | D:8      | Killed Joseph
  9893 | D:8      | Reached skill level 10 in Fighting
 10393 | D:8      | Reached XP level 11. HP: 58/83 MP: 11/11
 11194 | D:9      | Found a transporter.
 11198 | D:9      | Identified the +0 pair of gloves of the Wilderness {rC+
                  | Regen+ Int+3}
 11198 | D:9      | Noticed a moth of wrath
 11217 | D:9      | Noticed GeoRichter's ghost (novice MDRe)
 11273 | D:9      | Found a staircase to the Orcish Mines.
 11611 | D:10     | Entered Level 10 of the Dungeon
 11612 | D:10     | Found a snail-covered altar of Cheibriados.
 11616 | D:10     | Noticed a two-headed ogre
 11630 | D:10     | Killed a two-headed ogre
 11651 | D:10     | Found Cheibriados's Comfort Zone.
 11658 | D:10     | Bought the +3 hat of Pondering {ponderous, Will+ MP+10
                  | Int+5} for 647 gold pieces
 11658 | D:10     | Found the +3 hat of Pondering {ponderous, Will+ MP+10
                  | Int+5}
 11728 | D:10     | Noticed a two-headed ogre
 11737 | D:10     | Killed a two-headed ogre
 11753 | D:10     | Reached skill level 10 in Shapeshifting
 11924 | D:10     | Found a staircase to the Lair.
 11927 | Lair:1   | Entered Level 1 of the Lair of Beasts
 12127 | Lair:1   | Found a snail-covered altar of Cheibriados.
 13105 | Lair:1   | Reached XP level 12. HP: 79/87 MP: 12/12
 14554 | D:11     | Identified the Lessons on Hyperthermia
 16419 | Lair:2   | Noticed Erica
 16427 | Lair:2   | Killed Erica
 16428 | Lair:2   | Reached XP level 13. HP: 68/92 MP: 13/13
 16606 | Lair:2   | Reached ** piety under Ashenzari
 16694 | Lair:2   | Reached skill level 15 in Shapeshifting
 18513 | Lair:3   | Found a staircase to the Snake Pit.
 18759 | Lair:3   | Reached *** piety under Ashenzari
 18766 | Lair:3   | Found a staircase to the Swamp.
 19974 | Lair:4   | Reached **** piety under Ashenzari
 20104 | Lair:4   | Reached skill level 5 in Dodging
 20449 | Lair:5   | Entered Level 5 of the Lair of Beasts
 20822 | Lair:5   | Reached XP level 14. HP: 97/103 MP: 14/14
 21200 | Lair:5   | Found a viscous altar of Jiyva.
 21206 | Lair:5   | Found a staircase to the Slime Pits.
 21521 | Lair:5   | Reached skill level 10 in Dodging
 22785 | D:6      | Killed Skimidon's ghost
 23100 | D:12     | Acquired the ring of the Visionary {rPois MP+9 Str+6 Dex+2}
 23101 | D:12     | Acquired the +2 shield of Resistance {rF++ rC++ Will++}
 23101 | D:12     | Found the +2 shield of Resistance {rF++ rC++ Will++}
 23291 | D:12     | Noticed Fannar
 23296 | D:12     | Killed Fannar
 23762 | D:13     | Found a runed translucent gate.
 23763 | D:13     | Found a runed translucent gate.
 23764 | D:13     | Found a runed translucent gate.
 23765 | D:13     | Found an iron altar of Okawaru.
 23765 | D:13     | Noticed Hashres's ghost (journeyman TrBe)
 23765 | D:13     | Identified the +7 eveningstar "Lasusaicw" {elec, *Rage
                  | Int+5 Dex+6}
 23941 | D:13     | Noticed Frances
 23952 | D:13     | Killed Frances
 24177 | D:13     | Found a blossoming altar of Fedhas.
 24348 | D:14     | Reached XP level 15. HP: 108/108 MP: 15/15
 25055 | D:14     | Found a gate to the Vaults.
 25493 | D:15     | Entered Level 15 of the Dungeon
 25695 | D:15     | Identified the +1 robe of a bailey {rCorr SInv}
 25895 | D:15     | Found the +3 pair of seven-league boots {Rampage+∞}
 26185 | D:15     | Found a staircase to the Depths.
 26190 | D:15     | Reached skill level 15 in Unarmed Combat
 26708 | Orc:1    | Entered Level 1 of the Orcish Mines
 26812 | Orc:2    | Entered Level 2 of the Orcish Mines
 26823 | Orc:2    | Found a staircase to the Elven Halls.
 26906 | Orc:2    | Noticed Josephine
 26917 | Orc:2    | Killed Josephine
 27056 | Orc:1    | Found a dark tunnel.
 27100 | Volcano  | Entered a volcano
 27490 | Volcano  | Found a burning altar of Makhleb.
 27508 | Volcano  | Reached XP level 16. HP: 53/114 MP: 11/16
 27802 | Volcano  | Identified the Annotations on Illusory Aeromancy
 28130 | Orc:2    | Noticed Erolcha
 28135 | Orc:2    | Killed Erolcha
 28949 | Orc:2    | Found Icveug's Antique Armour Boutique.
 28994 | Orc:2    | Found Najuc's Antique Weapon Shop.
 28996 | Orc:2    | Found Pyeklew's General Store.
 28996 | Orc:2    | Found Sismod's Book Boutique.
 29525 | D:9      | Reached ***** piety under Ashenzari
 29620 | Swamp:1  | Entered Level 1 of the Swamp
 30712 | Swamp:1  | Noticed a fenstrider witch
 30717 | Swamp:1  | Killed a fenstrider witch
 30824 | Swamp:1  | Noticed Roxanne
 30989 | Swamp:1  | Killed Roxanne
 31319 | Swamp:2  | Reached skill level 1 in Shields
 31439 | Swamp:2  | Noticed Jorgrun
 31451 | Swamp:2  | Killed Jorgrun
 31582 | Swamp:2  | Reached skill level 5 in Shields
 31680 | Swamp:2  | Noticed a fenstrider witch
 31686 | Swamp:2  | Killed a fenstrider witch
 32072 | Swamp:3  | Found a transporter.
 32073 | Swamp:3  | Noticed a fenstrider witch
 32073 | Swamp:3  | Noticed flinch's ghost (adept CoFE)
 32074 | Swamp:3  | Found a transporter.
 32075 | Swamp:3  | Noticed a thorn hunter
 32211 | Swamp:3  | Identified Gloorx Vloq's Volume of Reanimation Made Easy
 32435 | Swamp:3  | Reached XP level 17. HP: 123/123 MP: 17/17
 32644 | Snake:1  | Entered Level 1 of the Snake Pit
 32876 | Snake:1  | Identified the Textbook on Guile and Battle Magic
 33671 | Snake:1  | Reached skill level 10 in Shields
 35105 | Snake:3  | Found a glowing golden altar of the Shining One.
 35153 | Snake:3  | Found Fiwaecyfe's Book Boutique.
 35153 | Snake:3  | Found Qysok's Weapon Shop.
 35249 | Snake:3  | Identified the serpent talisman of Xusudoc {rC+ rN+ Int+3
                  | Slay+2}
 35249 | Snake:3  | Noticed Aizul
 35255 | Snake:3  | Killed Aizul
 35332 | Snake:3  | Found a runed translucent door.
 35580 | Snake:3  | Noticed Jelujoc's ghost (adept MiBe)
 35626 | Snake:3  | Killed Jelujoc's ghost
 35866 | Elf:1    | Entered Level 1 of the Elven Halls
 35902 | Elf:1    | Paralysed by an air elemental for 1 turns
 36103 | Elf:1    | Reached XP level 18. HP: 128/128 MP: 18/18
 36199 | Elf:1    | Found Etatrah's Book Boutique.
 36200 | Elf:1    | Found Biwuikha's Jewellery Emporium.
 36200 | Elf:1    | Found Pabomagy's Jewellery Emporium.
 36212 | Elf:1    | Bought a ring of the Octopus King {rF+ HP+2 AC+2 EV+2 SH+2}
                  | for 982 gold pieces
 36212 | Elf:1    | Bought the ring "Seonyczu" {rC+ Will+ MP+9 Dex+2} for 993
                  | gold pieces
 36212 | Elf:1    | Found the ring of the Octopus King {rF+ HP+2 AC+2 EV+2
                  | SH+2}
 36301 | Elf:1    | Identified the ring of Jajabrue {^Drain rElec rC+ Dex+6}
 36358 | Elf:1    | Found a radiant altar of Vehumet.
 36378 | Elf:1    | Found a roughly hewn altar of Beogh.
 36420 | Elf:1    | Found Teli's Assorted Antiques.
 36429 | Elf:1    | Bought a potion of curing for 84 gold pieces
 36612 | Elf:1    | Identified the +0 leather armour of the Abyss {rPois Int+3
                  | Dex-2 SInv}
 36718 | Elf:2    | Reached skill level 15 in Shields
 36766 | Elf:2    | Noticed Azrael
 36780 | Elf:2    | Killed Azrael
 36834 | Elf:2    | Found Fimpoat's Weapon Emporium.
 36958 | Elf:2    | Found a runed translucent gate.
 36959 | Elf:2    | Found a runed translucent gate.
 36959 | Elf:2    | Found a runed translucent gate.
 37835 | Swamp:4  | Entered Level 4 of the Swamp
 38092 | Swamp:4  | Reached XP level 19. HP: 131/131 MP: 19/19
 38161 | Swamp:4  | Got a decaying rune of Zot
 38651 | Snake:4  | Entered Level 4 of the Snake Pit
 38683 | Snake:4  | Found a glacial archway.
 38693 | IceCv    | Entered an ice cave
 38791 | IceCv    | Identified the +5 great sword of Instant Death {protect,
                  | rC+ rN+ Dex+3 Stlth+}
 38940 | IceCv    | Identified the amulet of Beauty {Faith rElec}
 38942 | IceCv    | Found the +8 frozen axe "Frostbite" {freeze, freezing
                  | cloud, *Noise Fly rC+}
 38942 | IceCv    | Identified the ring "Opraoc" {rN++ rCorr Str+2 Stlth-}
 38943 | IceCv    | Found the +3 pair of mountain boots {steadfast, rC+}
 39929 | Abyss:2  | Cast into level 2 of the Abyss (naga)
 39947 | Abyss:2  | Found a corrupted altar of Lugonu.
 39956 | Abyss:2  | Found a corrupted altar of Lugonu.
 39956 | Abyss:2  | Found a corrupted altar of Lugonu.
 40050 | Abyss:2  | Noticed a bone dragon
 40061 | Abyss:2  | Noticed a profane servitor
 40062 | Abyss:2  | Killed a bone dragon
 40128 | Abyss:2  | Noticed a bone dragon
 40138 | Abyss:2  | Killed a bone dragon
 40164 | Abyss:2  | Found a corrupted altar of Lugonu.
 40191 | Abyss:2  | Identified Zinifoc's Catalogue of Beckoning
 40193 | Abyss:2  | Noticed a Brimstone Fiend
 40202 | Abyss:2  | Reached XP level 20. HP: 137/137 MP: 20/20
 40220 | Snake:4  | Escaped the Abyss
 40286 | Snake:4  | Got a serpentine rune of Zot
 40632 | Vaults:1 | Entered Level 1 of the Vaults
 41091 | Vaults:1 | Identified the +1 longbow of Isypu {flame, SInv Stlth+}
 41157 | Vaults:1 | Found Pobap's Antique Armour Shoppe.
 41837 | Vaults:2 | Reached skill level 11 in Fighting
 41918 | Vaults:2 | Reached skill level 12 in Fighting
 42105 | Vaults:2 | Found Ugalyott's Distillery.
 42133 | Vaults:2 | Reached skill level 13 in Fighting
 42156 | Vaults:2 | Identified Zamoo's Precepts of the Brumous Missiles
 42612 | Vaults:2 | Reached XP level 21. HP: 155/155 MP: 21/21
 42779 | Vaults:2 | Found a staircase to the Crypt.
 42897 | Vaults:3 | Reached skill level 14 in Fighting
 42963 | Vaults:3 | Noticed Margery
 43001 | Vaults:3 | Killed Margery
 43047 | Vaults:3 | Found a crumbling gateway.
 43115 | Desolati | Entered the Desolation of Salt
 43141 | Desolati | Reached skill level 15 in Fighting
 43159 | Desolati | Identified the ring "Wanumaf" {EV+5 Str+3}
 43161 | Desolati | Identified the Disquisition on the Prime Material
 43162 | Desolati | Identified the +7 chain mail of the Tanner {rPois rC+}
 43164 | Desolati | Identified the +6 morningstar of Togaf {venom, Dex+2}
 43168 | Desolati | Identified the amulet "Lacejo" {Acrobat ^Contam rElec rPois
                  | rN+++}
 43336 | Desolati | Identified the Textbook on the Syncline
 43358 | Desolati | Identified the ring "Osojeaf" {Will++ EV+5}
 43476 | Desolati | Reached skill level 16 in Fighting
 43663 | Desolati | Identified the +1 scale mail of Restlessness {rPois rN+
                  | Int-5}
 43667 | Desolati | Identified Zuusac's Tome of the Promethean Welkin
 43668 | Desolati | Identified Pugossul's Anthology of the Creeping Vector
 43897 | Vaults:3 | Reached skill level 17 in Fighting
 44353 | Vaults:3 | Reached skill level 18 in Fighting
 44421 | Vaults:3 | Reached XP level 22. HP: 174/174 MP: 22/22
 45006 | Vaults:4 | Reached skill level 19 in Fighting
 45510 | Vaults:4 | Reached skill level 20 in Fighting
 45557 | Vaults:4 | Identified the +4 ring mail "Inounen" {rF+ Str+4}
 45928 | Depths:1 | Entered Level 1 of the Depths
 46034 | Depths:1 | Found Xixo Joluu's Distillery.
 46132 | Depths:1 | Found a gateway to Hell.
 46195 | Depths:1 | Identified the +0 hand axe of Serafe Neru {vamp, rPois
                  | rCorr Dex+6}
 46256 | Depths:1 | Noticed Asterion
 46270 | Depths:1 | Killed Asterion
 46344 | Depths:1 | Reached skill level 21 in Fighting
 46480 | Depths:1 | Found a broken altar of Ashenzari.
 46802 | Depths:2 | Found a hazy altar of Hepliaklqana.
 46804 | Depths:2 | Found a broken altar of Ashenzari.
 46804 | Depths:2 | Found an ornate altar of the Wu Jian Council.
 46806 | Depths:2 | Found a bloodstained altar of Trog.
 46806 | Depths:2 | Found a shimmering altar of Xom.
 46806 | Depths:2 | Found a blossoming altar of Fedhas.
 46904 | Depths:2 | Found a one-way gateway to a ziggurat.
 46948 | Depths:2 | Found a one-way gate leading to the halls of Pandemonium.
 46988 | Depths:2 | Found Big Baal Hell's Store.
 46994 | Depths:2 | Reached XP level 23. HP: 191/191 MP: 23/23
 47178 | Depths:2 | Reached skill level 22 in Fighting
 47373 | Depths:2 | Found a runed translucent door.
 47375 | Depths:2 | Noticed GordonOverkill's ghost (veteran DsDe)
 47395 | Depths:2 | Identified the ring "Irenlyod" {rF- Will+ rCorr Str+6
                  | Slay+2}
 47395 | Depths:2 | Identified the ring "Omiaqu" {+Blink rF+ Will+ Int+6
                  | Slay-4}
 47503 | Depths:2 | Found a one-way gate to the infinite horrors of the Abyss.
 47903 | Depths:2 | Killed GordonOverkill's ghost
 48167 | Depths:3 | Reached skill level 23 in Fighting
 48211 | Depths:3 | Found Plog's Magic Scroll Boutique.
 48216 | Depths:3 | Found Usegog's Magic Scroll Boutique.
 48577 | Depths:3 | Noticed Xtahua
 48588 | Depths:3 | Killed Xtahua
 48858 | Depths:4 | Entered Level 4 of the Depths
 49017 | Depths:4 | Noticed a juggernaut
 49022 | Depths:4 | Killed a juggernaut
 49330 | Depths:4 | Reached XP level 24. HP: 204/204 MP: 23/23
 49457 | Depths:4 | Found a gate to the Realm of Zot.
 50065 | Crypt:1  | Entered Level 1 of the Crypt
 50140 | Crypt:1  | Identified the orb "Uthruelung" {*channel, Tloc}
 50140 | Crypt:1  | Noticed Frederick
 50147 | Crypt:1  | Killed Frederick
 50319 | Crypt:1  | Noticed Zenata
 50326 | Crypt:1  | Killed Zenata
 50823 | Crypt:2  | Noticed Vv
 50834 | Crypt:2  | Killed Vv
 51733 | Crypt:3  | Entered Level 3 of the Crypt
 52213 | Crypt:3  | Found an ancient bone altar of Kikubaaqudgha.
 52216 | Crypt:3  | Noticed an ancient lich
 52219 | Crypt:3  | Killed an ancient lich
 52221 | Crypt:3  | Identified the staff "Suozufom" {rN+ Will+ Int+4 Necro
                  | Fire}
 52511 | Crypt:3  | Reached XP level 25. HP: 210/210 MP: 24/24
 52606 | Crypt:3  | Found a staircase to the Tomb.
 53339 | Slime:1  | Entered Level 1 of the Pits of Slime
 53746 | Slime:2  | Gained mutation: Your magical capacity is low. (-10% MP) [a
                  | shining eye]
 53748 | Slime:2  | Gained mutation: Potions are less effective at restoring
                  | your health. [a shining eye]
 54306 | Slime:5  | Entered Level 5 of the Pits of Slime
 55710 | Slime:5  | Noticed the Royal Jelly
 55718 | Slime:5  | Killed the Royal Jelly
 55887 | Slime:5  | Gained mutation: You sometimes lose your temper in combat.
                  | [a shining eye]
 55889 | Slime:5  | Identified the +1 battleaxe of the Endless Eyes {freeze,
                  | rN+ Str+2}
 55890 | Slime:5  | Gained mutation: You are occasionally teleported next to
                  | monsters. [a shining eye]
 55946 | Slime:5  | Identified the ring of Cuykhlups {rF+ rC+ rN++ Will+ Str-2
                  | Slay-2}
 55954 | Slime:5  | Got a slimy rune of Zot
 56025 | Slime:5  | Identified the +5 plate armour "Meff" {rPois Will+ Slay+3}
 56026 | Slime:5  | Identified the ring "Egaag" {MP+9 EV+5}
 56381 | Slime:3  | Lost mutation: You sometimes lose your temper in combat.
                  | [potion of mutation]
 56381 | Slime:3  | Lost mutation: Potions are less effective at restoring your
                  | health. [potion of mutation]
 56381 | Slime:3  | Lost mutation: Your magical capacity is low. (-10% MP)
                  | [potion of mutation]
 56381 | Slime:3  | Gained mutation: Your magical capacity is low. (-10% MP)
                  | [potion of mutation]
 56381 | Slime:3  | Gained mutation: Your mind is acute. (Int +4, Str/Dex -1)
                  | [potion of mutation]
 56381 | Slime:3  | Gained mutation: Your muscles are strong. (Str +4, Int/Dex
                  | -1) [potion of mutation]
 56382 | Slime:3  | Lost mutation: Your muscles are strong. (Str +4, Int/Dex
                  | -1) [potion of mutation]
 56382 | Slime:3  | Lost mutation: Your mind is acute. (Int +4, Str/Dex -1)
                  | [potion of mutation]
 56382 | Slime:3  | Gained mutation: You have hidden genetic potential. [potion
                  | of mutation]
 56383 | Slime:3  | Lost mutation: Your magical capacity is low. (-10% MP)
                  | [potion of mutation]
 56383 | Slime:3  | Lost mutation: You have hidden genetic potential. [potion
                  | of mutation]
 56383 | Slime:3  | Lost mutation: You are occasionally teleported next to
                  | monsters. [potion of mutation]
 56383 | Slime:3  | Gained mutation: You are agile. (Dex +4, Str/Int -1)
                  | [potion of mutation]
 56383 | Slime:3  | Gained mutation: You occasionally lose the ability to read
                  | scrolls when taking damage. [potion of mutation]
 56383 | Slime:3  | Gained mutation: Your flesh is cold resistant. (rC+)
                  | [potion of mutation]
 56384 | Slime:3  | Lost mutation: You are agile. (Dex +4, Str/Int -1) [potion
                  | of mutation]
 56384 | Slime:3  | Lost mutation: Your flesh is cold resistant. (rC+) [potion
                  | of mutation]
 56384 | Slime:3  | Gained mutation: You are strong-willed. (Will+) [potion of
                  | mutation]
 56384 | Slime:3  | Gained mutation: You expend magic power (3 MP) to
                  | strengthen your wands. [potion of mutation]
 56384 | Slime:3  | Gained mutation: Your mind is acute. (Int +4, Str/Dex -1)
                  | [potion of mutation]
 56861 | Zot:1    | Entered Level 1 of the Realm of Zot
 57232 | Zot:1    | Reached skill level 1 in Spellcasting
 57937 | Zot:2    | Reached XP level 26. HP: 217/217 MP: 36/36
 57988 | Zot:2    | Reached skill level 5 in Spellcasting
 58874 | Zot:3    | Noticed a Killer Klown
 58888 | Zot:3    | Killed a Killer Klown
 59111 | Zot:3    | Identified the +2 morningstar of the Unspeakable One
                  | {heavy, rC- Will++ Int+3 Stlth+}
 59238 | Zot:3    | Reached skill level 10 in Spellcasting
 59624 | Zot:3    | Found the +4 dragonskin cloak {Aegis}
 59624 | Zot:3    | Noticed Tiamat
 59652 | Zot:3    | Killed Tiamat
 59780 | Zot:3    | Acquired 1152 gold pieces
 60965 | Zot:4    | Found a sacrificial altar of Ru.
 60970 | Zot:4    | Found an ornate altar of the Wu Jian Council.
 61196 | Zot:5    | Entered Level 5 of the Realm of Zot
 61431 | Zot:5    | Reached XP level 27. HP: 224/224 MP: 46/46
 61546 | Zot:5    | Found a transporter.
 61836 | Zot:5    | Noticed an orb of fire
 61837 | Zot:5    | Noticed a dread lich
 61839 | Zot:5    | Noticed an orb of fire
 61844 | Zot:5    | Gained mutation: You are weak. (Str -2) [an orb of fire]
 61847 | Zot:5    | Lost mutation: Your mind is acute. (Int +4, Str/Dex -1) [an
                  | orb of fire]
 61848 | Zot:5    | Gained mutation: One of your tentacles bears a spike. [an
                  | orb of fire]
 61848 | Zot:5    | Gained mutation: You are frail. (-10% HP) [an orb of fire]
 61849 | Zot:5    | Killed an orb of fire
 61856 | Zot:5    | Killed an orb of fire
 61857 | Zot:5    | Reached skill level 15 in Spellcasting
 61861 | Zot:5    | Noticed an orb of fire
 61863 | Zot:5    | Killed a dread lich
 61867 | Zot:5    | Noticed an ancient lich
 61869 | Zot:5    | Killed an orb of fire
 61869 | Zot:5    | Noticed a dread lich
 61872 | Zot:5    | Killed a dread lich
 61873 | Zot:5    | Noticed an ancient lich
 61875 | Zot:5    | Killed an ancient lich
 61876 | Zot:5    | Noticed a dread lich
 61879 | Zot:5    | Killed an ancient lich
 61880 | Zot:5    | Killed a dread lich
 62058 | Zot:5    | Noticed a dread lich
 62067 | Zot:5    | Killed a dread lich
 62393 | Zot:5    | Lost mutation: You are strong-willed. (Will+) [potion of
                  | mutation]
 62393 | Zot:5    | Lost mutation: You are weak. (Str -2) [potion of mutation]
 62393 | Zot:5    | Lost mutation: You occasionally lose the ability to read
                  | scrolls when taking damage. [potion of mutation]
 62393 | Zot:5    | Gained mutation: Your system is resistant to poisons.
                  | (rPois) [potion of mutation]
 62393 | Zot:5    | Gained mutation: Your spells are a little harder to cast,
                  | but a little more powerful. [potion of mutation]
 62690 | Zot:5    | Got the Orb of Zot
 62794 | Zot:1    | Noticed Haqail the pandemonium lord
 62809 | Depths:4 | Killed Haqail the pandemonium lord
 62827 | Depths:3 | Identified the +3 quarterstaff "Jellyslayer" {heavy, Int+6}
 62893 | Depths:2 | Noticed Rewuyx the pandemonium lord
 62915 | Depths:1 | Killed Rewuyx the pandemonium lord
 62990 | D:14     | Noticed Kuustrub the pandemonium lord
 62994 | D:14     | Killed Kuustrub the pandemonium lord
 63083 | D:13     | Noticed Hacycyed the pandemonium lord
 63169 | D:9      | Noticed Fararaor the pandemonium lord
 63175 | D:9      | Killed Fararaor the pandemonium lord
 63351 | D:3      | Noticed Wec Afac the pandemonium lord
 63351 | D:3      | Noticed an ancient lich
 63358 | D:2      | Killed Wec Afac the pandemonium lord
 63379 | D:1      | Noticed Muha the pandemonium lord
 63390 | D:1      | Killed Muha the pandemonium lord
 63469 | D:$      | Escaped with the Orb!

Illustrated notes

Levels and vault maps discovered:
D:1:      lemuel_arrival_rhombus, layout_basic, serial_rivers,
          chequers_serial_rivers_small_3, chequers_serial_rivers_large_b,
          chequers_serial_rivers_large_a, chequers_serial_rivers_micro_e
D:2:      minmay_chambers_of_twos, layout_loops_ring, minmay_circled_x,
          uniq_robin
D:3:      layout_basic, mainiacjoe_overflow_concentric_impassable,
          mainiacjoe_overflow_brackets, hangedman_feature_mirror, uniq_grinder,
          uniq_natasha, uniq_ijyb, uniq_jessica
D:4:      layout_loops_corners, mainiacjoe_ossuary_entry_dusty_tomb
D:5:      layout_rooms, minmay_temple_entry_tees, uniq_menkaure, uniq_edmund
D:6:      minmay_chambers_of_threes, layout_loops_ring, bloody_makhleb,
          serial_shops, nicolae_shop_peninsula, gammafunk_ghost_nasty_kobolds,
          nicolae_hexahallways
D:7:      layout_gridville, nicolae_uskayaw_murder_on_the_dancefloor,
          guppyfry_early_elven_hall
D:8:      layout_basic, uniq_joseph
D:9:      kennysheep_housing_project, layout_rooms, david_orc_2,
          gammafunk_ghost_berserking_beasts, grunt_ministairs_1,
          small_statue_intersection, bh_walls_and_bars
D:10:     layout_roguey, hellmonk_lair_entry_icy, kennysheep_decorative_pillar,
          minmay_shop_chei, serial_library_hellmonk_double_dead_end
D:11:     layout_roguey, nicolae_tricolors
D:12:     layout_roguey, uniq_fannar
D:13:     layout_long_grid, gammafunk_ghost_fury_of_okawaru,
          fedhas_altar_fruit_tree, uniq_frances
D:14:     layout_rooms, hangedman_vaults_entry_quadrant_bands,
          minmay_misc_feat_columns
D:15:     hangedman_depths_entry_civil_slaughter, layout_long_grid,
          minmay_misc_feat_enclosed, hellmonk_guarded_unrand_seven_league_boots
Temple:   dpeg_five_rooms_temple
Lair:1:   wander_river, layout_concentric_octagons, kennysheep_snail_temple,
          lemuel_fruit_tree
Lair:2:   layout_layer_cave, grunt_megastairs_1, uniq_erica
Lair:3:   layout_hall_layers, nicolae_swamp_entry_spooky,
          minmay_snake_entry_guardpost_medium
Lair:4:   layout_roguey, serial_bayou_pond_a
Lair:5:   hangedman_lair_tendril_chambers, layout_gridlike, slime_entry_1
Swamp:1:  layout_basic_swamp, evilmike_swamp_ruin_wall,
          infiniplex_staircase_pool_2, uniq_roxanne
Swamp:2:  layout_basic_swamp, evilmike_swamp_ruin_house_1, swamp_pool_4,
          grunt_lady_of_the_lake, uniq_jorgrun
Swamp:3:  layout_basic_swamp, gammafunk_ghost_arena,
          evilmike_swamp_ruin_house_2, swamp_pool_1_2,
          nicolae_swamp_necromancy_gone_wrong
Swamp:4:  swamp_basic_johnstein, layout_basic_swamp
Snake:1:  layout_onion, nicolae_snake_double_loop, nicolae_snake_boneroom
Snake:2:  layout_layer_cave
Snake:3:  layout_cave_shapes, basic_altar, ebering_ghost_inner_flame,
          grunt_megastairs_5, minmay_shoptagon, uniq_aizul
Snake:4:  snake_pit, layout_cave_town, portal_ice_cave_entry_pillars_2
Slime:1:  layout_caves, basic_altar
Slime:2:  layout_caves, nicolae_slime_round_cave
Slime:3:  layout_caves
Slime:4:  layout_caves
Slime:5:  slime_pit_nicolae_trefoil
Orc:1:    layout_caves, nicolae_volcano_entry_vermiform
Orc:2:    st_orc_congregation, layout_caves, mines5_lemuel, uniq_erolcha,
          uniq_josephine
Elf:1:    eino_elf_arrival_sip, layout_gridlike, serial_shops, shop,
          nicolae_elf_theology_debate, minmay_shop_grove
Elf:2:    nicolae_elf_blades_crystal_corner, layout_geoelf_grid, serial_shops,
          nicolae_shop_hallway_stairs, uniq_azrael
Vaults:1: vaults_room_boxed, v_misc_9, nicolae_vaults_tangram_2, v_misc_12,
          nicolae_vaults_asterisk, nicolae_vaults_little_squares_4,
          nicolae_vaults_alarming, layout_vaults_omnigrid, serial_shops, shop
Vaults:2: minmay_crypt_entry_simple_walls, nicolae_vaults_oval_intersection,
          dpeg_vaults_monster_box, nicolae_vaults_turnstiles, v_rooms_5,
          vaults_room_hallway, nicolae_vaults_closet_pinwheel_4,
          vaults_room_door_ring, nicolae_vaults_trapezoid_1,
          nicolae_vaults_lightning_bolt, nicolae_vaults_oval_intersection,
          vaults_mumra_chevron_long, v_pattern_4, nicolae_vaults_diamond_1,
          nicolae_vaults_house_2, layout_vaults_ring, serial_shops, shop
Vaults:3: portal_desolation_entry_salt, nicolae_vaults_weapon_check,
          nicolae_vaults_storage_room_glass,
          nicolae_vaults_trapezoid_lopsided_1, nicolae_vaults_off_center_swirl,
          nicolae_vaults_trapezoid_1, nicolae_vaults_layer_cake_slice,
          hangedman_vaults_trim, v_misc_8, nicolae_vaults_network_quincunx
          [nicolae_vaults_network_quincunx_subvault,
          nicolae_vaults_network_quincunx_subvault,
          nicolae_vaults_network_quincunx_subvault,
          nicolae_vaults_network_quincunx_subvault,
          nicolae_vaults_network_quincunx_subvault],
          nicolae_vaults_door_testing_chamber, nicolae_vaults_storage_closets_3,
          hangedman_vaults_cutoff, layout_vaults_big_cross, uniq_margery
Vaults:4: nicolae_vaults_network_square, nicolae_vaults_tetromino_Z_1,
          vaults_mumra_chevron, hangedman_vaults_stretched_pinwheel,
          nicolae_vaults_shrinking_rooms_1, nicolae_vaults_three_branches,
          v_misc_3, v_rooms_6, nicolae_vaults_ellipses_ellipsis,
          nicolae_vaults_diamond_1, layout_vaults_omnibox
Crypt:1:  layout_chaotic_city, uniq_zenata, uniq_frederick
Crypt:2:  layout_misc_corridors, nicolae_crypt_booths_of_the_dead, uniq_vv
Crypt:3:  cryptofortress_bobbens
Depths:1: layout_small_grid, serial_shops, shop, hangedman_decor_peaks_small,
          grunt_metal_band, nicolae_ashenzari_skybound, serial_bayou_shore_b,
          grunt_megastairs_2, uniq_asterion
Depths:2: nicolae_terramorphic_expanse [nicolae_terramorphic_quarter,
          nicolae_terramorphic_quarter, nicolae_terramorphic_quarter,
          nicolae_terramorphic_quarter, nicolae_terramorphic_quarter,
          nicolae_terramorphic_biome, nicolae_terramorphic_biome,
          nicolae_terramorphic_biome, nicolae_terramorphic_biome],
          layout_gridlike, enter_ziggurat_d, nicolae_hell_entry_big_baal_hell,
          ebering_ghost_reflecting_pool, doesnt_xom_only_xom, pan_entry,
          minmay_room_of_horrors, kilobyte_mutagenic_chamber,
          minmay_staircase_statues
Depths:3: nicolae_cairo_tiling_large, layout_long_grid, abyss_entry,
          pf_coc_iceberg, minmay_misc_feat_doors, nicolae_figureground_sparkle,
          firewood_loft, minmay_shop_star, uniq_xtahua
Depths:4: grunt_zot_entry_tricorne, layout_basic,
          nicolae_twisty_statue_hallways, hangedman_geh_valley, uniq_josephina
Zot:1:    layout_cathedral_of_symmetry, hangedman_zot_gyre
Zot:2:    layout_concentric_octagons
Zot:3:    layout_concentric_octagons, regret_index_zotdec_obsidian_hm,
          uniq_tiamat
Zot:4:    layout_onion_interference, regret_index_zotdec_gossamer_parallel,
          grunt_megastairs_4
Zot:5:    layout_twisted_circle, nicolae_diode_basic

Skill      XL: |  1  2  3  4  5  6  7  8  9 10 11 12 13 14 15 16 17 18 19 20 21 22 23 24 25 26 27 |
---------------+----------------------------------------------------------------------------------+-----
Shapeshifting  | 4 5 6 7 11 14 16 17 20 | 20.1
Unarmed Combat | 5 9 10 11 16 17 19 21 22 | 22.4
Fighting       | 6 10 13 18 21 23 | 23.3
Dodging        | 7 12 | 12.3
Shields        | 7 13 17 20 22 | 22.0
Spellcasting   | 4 13 19 | 19.4

Action                     |  1- 3 |  4- 6 |  7- 9 | 10-12 | 13-15 | 16-18 | 19-21 | 22-24 | 25-27 || total
---------------------------+-------+-------+-------+-------+-------+-------+-------+-------+-------++-------
  Melee: Unarmed           |    10 |     6 |   336 |   660 |   681 |   769 |  1005 |   919 |   924 ||  5310
         Constrict         |    12 |    18 |    91 |   132 |   104 |   136 |   141 |   116 |   112 ||   862
         Tentacles         |     5 |    17 |    83 |   218 |   181 |   166 |   280 |   225 |   272 ||  1447
         Whip              |    51 |    74 |       |       |       |       |       |       |       ||   125
         Punch             |       |       |       |     4 |    81 |   125 |   195 |   198 |   209 ||   812
         Kick              |       |       |       |       |       |       |       |       |   104 ||   104
 Invoke: Curse Item        |       |       |     2 |     2 |     6 |     2 |     2 |     3 |     1 ||    18
         Shatter the Chain |       |       |       |     1 |     1 |     2 |       |     2 |     1 ||     7
  Evoke: Wand              |       |       |       |     4 |     1 |       |       |       |     4 ||     9
    Use: Potion            |       |     4 |     5 |     4 |     2 |       |       |       |     5 ||    20
         Scroll            |       |       |     3 |     8 |     4 |       |     1 |       |     9 ||    25
   Stab: Sleeping          |     9 |     2 |     1 |       |    16 |    17 |     9 |    11 |     1 ||    66
         Paralysed         |       |       |       |     4 |       |       |       |       |       ||     4
         Fleeing           |       |       |       |     1 |       |       |       |       |       ||     1
         Distracted        |       |       |       |       |     1 |     4 |     4 |     1 |       ||    10
 Armour: Skin              |    26 |    58 |   136 |   492 |   361 |   485 |   384 |   279 |   511 ||  2732
  Dodge: Dodged            |    34 |    61 |   274 |   600 |   491 |   655 |   609 |   494 |   717 ||  3935
  Block: Kite shield       |       |       |       |       |       |   641 |  1296 |  1025 |  1035 ||  3997
   Form: Flux              |       |     1 |       |       |       |       |       |       |       ||     1
         Blade             |       |       |       |     1 |       |       |       |       |       ||     1
         Statue            |       |       |       |       |       |     1 |       |       |       ||     1

Table legend: (Time is in decaauts)
 A = Elapsed time spent in this place.
 B = Non-inter-level travel time spent in this place.
 C = Inter-level travel time spent in this place.
 D = Time resting spent in this place.
 E = Time spent auto-exploring this place.
 F = Levels seen in this place.
 G = Mean time per level.
                   A        B        C        D        E       F      G
               +--------+--------+--------+--------+--------+-----+--------+
         Total |  81753 |  74275 |   7478 |   9037 |  47926 |  59 | 1385.6 |
       Dungeon |  18969 |  16621 |   2348 |   2890 |  10615 |  15 | 1264.6 |
        Temple |    117 |      1 |    116 |      0 |      0 |   1 |  117.0 |
          Lair |  11122 |  10132 |    990 |   3315 |   5499 |   5 | 2224.4 |
         Swamp |   4308 |   4007 |    301 |    329 |   2729 |   4 | 1077.0 |
     Snake Pit |   6813 |   6083 |    730 |      0 |   4941 |   4 | 1703.2 |
    Slime Pits |   4971 |   4514 |    457 |   1170 |   1870 |   5 |  994.2 |
  Orcish Mines |   2254 |   1875 |    379 |    138 |   1068 |   2 | 1127.0 |
   Elven Halls |   2684 |   2569 |    115 |    313 |   1658 |   2 | 1342.0 |
        Vaults |   7245 |   6627 |    618 |     60 |   5043 |   4 | 1811.2 |
         Crypt |   4151 |   3928 |    223 |      0 |   2816 |   3 | 1383.7 |
        Depths |   6856 |   5975 |    881 |      0 |   4736 |   4 | 1714.0 |
           Zot |   9123 |   8807 |    316 |    594 |   5752 |   5 | 1824.6 |
         Abyss |    406 |    406 |      0 |      0 |      0 |   1 |  406.0 |
       Ossuary |    272 |    272 |      0 |      0 |    195 |   1 |  272.0 |
      Ice Cave |    599 |    599 |      0 |      0 |    238 |   1 |  599.0 |
       Volcano |    757 |    757 |      0 |    227 |    111 |   1 |  757.0 |
    Desolation |   1099 |   1099 |      0 |      0 |    649 |   1 | 1099.0 |
               +--------+--------+--------+--------+--------+-----+--------+

Top non-repeatable levels by time:
  Lair:3: 3107 daAuts
  Lair:1: 2843 daAuts
 Slime:5: 2316 daAuts
   Zot:4: 2179 daAuts
     D:6: 2144 daAuts
  Lair:2: 2092 daAuts
   Zot:5: 2070 daAuts
Depths:2: 2067 daAuts
Vaults:2: 2040 daAuts
 Snake:2: 1978 daAuts
 Snake:1: 1974 daAuts
Vaults:3: 1933 daAuts
Vaults:1: 1882 daAuts
     D:2: 1867 daAuts
   Zot:2: 1733 daAuts
